 Dungeon Crawl Stone Soup version 0.31-a0-38-g1548c4f2a5 (webtiles) character file.

Game seed: 12020893827915593655

77 bande the Trooper (level 4, -1/29 HPs)
             Began as a Gargoyle Fighter on May 17, 2023.
             Slain by a gnoll
             ... wielding a +0 whip
              (4 damage)
             ... on level 2 of the Dungeon.
             The game lasted 00:02:18 (1244 turns).

bande the Trooper (Gargoyle Fighter)                Turns: 1244, Time: 00:02:18

Health: -1/29      AC: 10    Str: 20    XL:     4   Next: 33%
Magic:  4/4        EV:  9    Int:  8    God:
Gold:   73         SH:  4    Dex: 11    Spells: 3/3 levels left

rFire   . . .        a - +0 war axe
rCold   . . .        c - +0 buckler
rNeg    + . .        b - +0 scale mail
rPois   ∞            (no helmet)
rElec   +            (no cloak)
rCorr   .            (no gloves)
SInv    .            (no boots)
Will    .....        (no amulet) Stlth
                     (no ring)
HPRegen 0.24/turn    (no ring)
MPRegen 0.09/turn

%: no passive effects
@: mighty
A: sickness immunity, AC +3, negative energy resistance 1, electricity
resistance, torment resistance 1, petrification resistance
a: no special abilities


You were on level 2 of the Dungeon.
You visited 1 branch of the dungeon, and saw 2 of its levels.

You collected 73 gold pieces.

Inventory:

Hand Weapons
 a - a +0 war axe (weapon)
Armour
 b - a +0 scale mail (worn)
 c - a +0 buckler (worn)
Scrolls
 g - 2 scrolls of fog
Potions
 d - a potion of might
 e - a potion of resistance
 f - a potion of haste
 h - a potion of brilliance


   Skills:
 + Level 4.0 Fighting
 + Level 2.5 Axes
 + Level 3.8 Armour
 - Level 0.6 Stealth
 + Level 3.8 Shields


You had 3 spell levels left.
You didn't know any spells.
Your spell library contained the following spells:

 Spells                   Type           Power      Damage    Failure   Level
 Ensorcelled Hibernation  Hex/Ice        0%         N/A       92%         2
 Passwall                 Tmut/Erth      0%         N/A       92%         2
 Swiftness                Air            0%         N/A       99%         3


Dungeon Overview and Level Annotations

Branches:
Dungeon (2/15)

Altars:


Innate Abilities, Weirdness & Mutations

You are immune to sickness and miasma.
Your stone body is resilient. (AC +3)
You are immune to poison.
You resist negative energy. (rN+)
You are resistant to electric shocks. (rElec)
You are resistant to unholy torment.
You are immune to petrification.


Message History

You block the gnoll's attack.
The gnoll hits you from afar with a +0 spear.
You closely miss the ball python. You hit the gnoll but do no damage.
You barely miss the gnoll.
The ball python bites you but does no damage.
The ball python constricts you. The gnoll hits you but does no damage.
The gnoll hits you from afar with a +0 spear.
You block the gnoll's attack.
The ball python bites you but does no damage.
The ball python constricts you. The gnoll hits you but does no damage.
The gnoll hits you with a +0 whip. The gnoll hits you but does no damage.
You hit the gnoll.
The gnoll is almost dead.
You hit the gnoll but do no damage. You closely miss the ball python.
The ball python barely misses you. The ball python constricts you.
You block the gnoll's attack.
The gnoll hits you but does no damage. x2
The ball python bites you but does no damage.
The ball python constricts you.
You barely miss the gnoll.
The gnoll is almost dead.
You slash the gnoll! You slash the ball python!
You kill the ball python!
The gnoll hits you with a +0 whip.
The gnoll hits you but does no damage. x2
The gnoll hits you from afar with a +0 spear.
* * * LOW HITPOINT WARNING * * *
The gnoll closely misses you. The gnoll hits you but does no damage.
You feel very mighty all of a sudden.
The gnoll hits you but does no damage. x2; The gnoll hits you with a +0 whip.
* * * LOW HITPOINT WARNING * * *
You hit the gnoll.
The gnoll is severely wounded.
You hit the gnoll but do no damage. The gnoll hits you but does no damage.
The gnoll misses you. The gnoll hits you but does no damage.
You slash the gnoll!
You kill the gnoll!
You barely miss the gnoll. The gnoll barely misses you.
The gnoll hits you with a +0 whip.
* * * LOW HITPOINT WARNING * * *
The gnoll hits you with a +0 whip.
You die...

#.......#.......#.#
##..†..###.....##.#
##...## ##.†.###.#
#######'#######'####.#
...................#.#
..............)†...#.##
..............†.......#
#######'#######'####.†#
#.g@# ##...###..#
#...g.###.....##..###
#.......#.......#.....
#.......#.......##....
#...)...#...)...#####.
##.....###.....## #.
###...#####...## #.
##.#####.#############.
##.....###.....###......


You could see 2 gnolls.

Vanquished Creatures
  A gnoll (D:2)
  2 adders (D:2)
  A worm (D:2)
  A dart slug (D:1)
  6 ball pythons
  2 endoplasms
  3 giant cockroaches (D:1)
  5 goblins
  4 hobgoblins
  4 jackals (D:2)
  5 kobolds
  A quokka (D:1)
  A bat (D:1)
  A frilled lizard (D:1)
  5 rats (D:1)
42 creatures vanquished.

Notes
Turn   | Place    | Note
-------+----------+-------------------------------------------
     0 | D:1      | bande the Gargoyle Fighter began the quest for the Orb.
     0 | D:1      | Reached XP level 1. HP: 14/14 MP: 1/1
   148 | D:1      | Reached XP level 2. HP: 19/19 MP: 2/2
   435 | D:1      | Reached XP level 3. HP: 22/24 MP: 3/3
   882 | D:1      | Found a faded altar of an unknown god.
  1133 | D:2      | Reached skill level 4 in Fighting
  1137 | D:2      | Identified the +8 long sword of the Insatiable Lies
                  | {antimagic, rElec rN+ Will- Str+8}
  1155 | D:2      | Reached XP level 4. HP: 29/29 MP: 4/4
  1244 | D:2      | Slain by a gnoll

Illustrated notes

Levels and vault maps discovered:
D:1:      dpeg_arrival_stone_temple_mockup, layout_loops_corners,
          dilly_ecumenical_altar_fadedgnrine, minmay_misc_feat_x,
          minmay_pentomino_q2
D:2:      kennysheep_six_static_rooms, layout_loops_ring, serial_glass,
          glass_columns_c, glass_columns_a, minmay_strange_pillars,
          feat_on_display, feat_on_display

Skill      XL: |  1  2  3 |
---------------+----------+-----
Axes           | 2 |  2.5
Fighting       | 4 |  4.0
Armour         | |  3.8
Stealth        | |  0.6
Shields        | |  3.8

Action                     |  1- 3 |  4- 6 || total
---------------------------+-------+-------++-------
  Melee: War axe           |   111 |    20 ||   131
    Use: Scroll            |     6 |     1 ||     7
         Potion            |       |     1 ||     1
 Armour: Scale mail        |    70 |    20 ||    90
  Dodge: Dodged            |    51 |    10 ||    61
  Block: Buckler           |    29 |     7 ||    36

Table legend: (Time is in decaauts)
 A = Elapsed time spent in this place.
 B = Non-inter-level travel time spent in this place.
 C = Inter-level travel time spent in this place.
 D = Time resting spent in this place.
 E = Time spent auto-exploring this place.
 F = Levels seen in this place.
 G = Mean time per level.
                   A        B        C        D        E       F      G
               +--------+--------+--------+--------+--------+-----+--------+
         Total |   1300 |   1273 |     27 |      0 |    962 |   2 |  650.0 |
       Dungeon |   1300 |   1273 |     27 |      0 |    962 |   2 |  650.0 |
               +--------+--------+--------+--------+--------+-----+--------+

Top non-repeatable levels by time:
     D:1: 1000 daAuts
     D:2: 300 daAuts
